AoeStats
← 投矛手愛好者

Arena

507767007Analyzed
4v4 RM · 12d ago on Sep 19, 2026· 53m 48s· 8 players
Game mode
Random Map
Map size
Large (8 player)
Population
200
Speed
Normal
Resources
Standard
Victory
Conquest
Starting age
Dark Age
Ending age
Imperial Age
RankedLock teamsTeams togetherTeam positionsShared explorationLock speedFull tech treeHidden civsTurbo modeCheats
Victory
Defeat
🇹🇼 Turks · Taiwan
1423
+13
🇹🇼 Mongols · Taiwan
1386
+15
🇭🇰 Gurjaras · Hong Kong SAR China
1365
+16
🇹🇼 Khmer · Taiwan
1329
+17
🇹🇼 Lithuanians · Taiwan
1398
-17
1388
-16
🇲🇽 Malians · Mexico
1377
-16
🇮🇹 Goths · Italy
1276
-12
cccccccccc
10:27 Feudal Age
13:58 Castle Age
12:00 Horse Collar
12:44 Double-Bit Axe
17:05 Heavy Plow
19:52 Bow Saw
29:15 Imperial Age
27:23 Loom
28:18 Wheelbarrow
27:59 Gold Mining
28:40 Bloodlines
28:30 Husbandry
28:45 Scale Barding Armor
29:28 Forging
29:50 Chain Barding Armor
30:05 Elite Battle Elephant
33:01 Plate Barding Armor
33:02 Iron Casting
34:52 Gold Shaft Mining
34:09 Stone Mining
38:48 Tusk Swords
39:12 Conscription
38:55 Capped Ram
41:08 Blast Furnace
42:36 Heavy Scorpion
43:19 Double Crossbow
45:46 Hand Cart
47:29 Fletching
49:57 Bodkin Arrow
Xiang914
11:12 Feudal Age
10:32 Loom
16:23 Wheelbarrow
18:39 Castle Age
18:22 Double-Bit Axe
18:20 Horse Collar
24:00 Bow Saw
25:49 Fletching
28:23 Bow Saw
31:38 Wheelbarrow
32:43 Bodkin Arrow
40:51 Imperial Age
41:51 Hand Cart
41:39 Bracer
41:40 Padded Archer Armor
43:27 Hand Cart
BBBBBBBB
10:01 Feudal Age
12:01 Double-Bit Axe
15:01 Castle Age
13:07 Stone Mining
13:24 Horse Collar
14:35 Gold Mining
16:05 Bow Saw
15:51 Fletching
17:08 Bodkin Arrow
18:59 Padded Archer Armor
24:27 Wheelbarrow
26:14 Heavy Plow
28:59 Scale Barding Armor
29:04 Forging
29:37 Bloodlines
29:27 Husbandry
29:54 Hand Cart
31:11 Loom
32:49 Chain Barding Armor
33:04 Iron Casting
34:51 Town Watch
37:57 Imperial Age
38:01 Elite Steppe Lancer
39:22 Conscription
39:23 Siege Engineers
40:25 Gold Shaft Mining
40:25 Stone Shaft Mining
40:55 Chemistry
41:00 Drill
41:01 Conscription
41:04 Ballistics
40:47 Capped Ram
41:43 Siege Ram
45:27 Pikeman
46:07 Squires
45:53 Arson
48:27 Blast Furnace
47:49 Heavy Camel Rider
49:17 Scale Mail Armor
49:52 Coinage
50:36 Fortified Wall
50:36 Masonry
50:22 Murder Holes
投矛手愛好者
9:42 Feudal Age
9:45 Loom
13:40 Castle Age
19:03 Double-Bit Axe
23:32 Bow Saw
41:04 Imperial Age
39:37 Scale Mail Armor
39:47 Forging
41:11 Scale Barding Armor
41:48 Gold Mining
41:42 Horse Collar
42:48 Fletching
43:49 Heavy Camel Rider
44:40 Bloodlines
44:30 Husbandry
45:11 Iron Casting
46:20 Wheelbarrow
46:10 Chain Barding Armor
46:36 Heavy Plow
48:40 Gold Shaft Mining
50:07 Hand Cart
50:05 Kshatriyas
50:40 Conscription
50:16 Stone Mining
52:33 Plate Barding Armor
52:07 Light Cavalry
53:37 Bodkin Arrow
53:54 Town Watch
Niccals_
6:29 Loom
9:26 Feudal Age
10:02 Double-Bit Axe
9:59 Horse Collar
10:11 Stone Mining
21:09 Castle Age
47:42 Bow Saw
47:38 Heavy Plow
54:52 Imperial Age
55:02 Imperial Age
MLT | Bombad Gastald
5:41 Loom
12:00 Feudal Age
16:10 Castle Age
14:38 Double-Bit Axe
19:58 Scale Mail Armor
20:08 Forging
24:48 Chain Mail Armor
26:16 Wheelbarrow
26:27 Iron Casting
35:01 Pikeman
49:23 Bow Saw
51:02 Horse Collar
ITA | CivettaAviotrasportata
6:05 Loom
9:03 Feudal Age
11:48 Fletching
13:51 Double-Bit Axe
24:46 Castle Age
29:37 Wheelbarrow
29:13 Bow Saw
30:19 Bodkin Arrow
34:49 Imperial Age
34:05 Ballistics
34:45 Eupseong
35:04 Stone Mining
35:05 Gold Mining
34:59 Horse Collar
36:01 Bracer
37:32 Chemistry
37:21 Treadmill Crane
37:52 Masonry
40:24 Murder Holes
46:00 Arrowslits
46:45 Architecture
47:06 Hand Cart
47:37 Fortified Wall
50:50 Gambesons
50:54 Arson
51:28 Heavy Plow
51:45 Squires
51:53 Scale Mail Armor
52:04 Forging
53:00 Chain Mail Armor
54:07 Iron Casting
TwBestShaco
10:03 Feudal Age
13:51 Castle Age
12:44 Double-Bit Axe
16:04 Horse Collar
22:03 Wheelbarrow
23:26 Hand Cart
25:40 Bow Saw
25:38 Heavy Plow
26:15 Scale Barding Armor
26:20 Forging
28:43 Imperial Age
27:13 Bloodlines
27:03 Husbandry
28:37 Chain Barding Armor
28:53 Iron Casting
28:53 Cavalier
30:25 Plate Barding Armor
30:28 Crop Rotation
31:02 Two-Man Saw
30:33 Crop Rotation
31:16 Chemistry
31:12 Town Watch
31:45 Paladin
33:41 Scale Mail Armor
33:40 Pikeman
34:21 Squires
34:36 Guilds
35:27 Fortified Wall
34:59 Halberdier
37:58 Chain Mail Armor
38:09 Gold Mining
38:10 Stone Mining
38:18 Fletching
39:09 Bodkin Arrow
39:58 Bracer
40:22 Bombard Tower
40:23 Ballistics
39:44 Treadmill Crane
40:21 Loom
41:33 Stone Shaft Mining
45:05 Conscription
45:21 Hoardings
45:14 Padded Archer Armor
49:01 Leather Archer Armor
49:17 Coinage
49:19 Light Cavalry
52:13 Winged Hussar
52:41 Elite Skirmisher
Connection lost

Rejoining the realm…

Still unreachable

The connection could not be restored.

Session expired

The server has moved on; the page needs a fresh start.